Map: Inferno Pools (Void)

Players

thel

  • Race: Zerg Zerg

Javert - Winner!

  • Race: Zerg Zerg

VOD

Have the link to the VOD?

Description

Time

  • Played on: April 15, 2015, 10:17 p.m.
  • Length: 11:50
Show
View Real Time Build Order
Export as new Build Order

thel Zerg 

Build Orders: Hatch First 

Get SALT Encoding   

  12  0:10  Overlord  
  12  0:13  Drone  
  13  0:17  Drone  
  14  0:29  Drone  
  14  0:34  Drone  
  16  0:44  Drone  
  17  0:55  Hatchery  
  16  1:00  Drone  
  17  1:11  Spawning Pool  
  17  1:16  Drone  
  17  1:20  Extractor  
  17  1:23  Drone  
  17  1:27  Drone  
  18  1:36  Drone  
  19  1:49  Drone  
  20  2:00  Zergling x2  
  21  2:06  Queen  
  21  2:07  Overlord  
  23  2:09  Queen  
  23  2:10  Zergling x2  
  26  2:23  Metabolic Boost  
  26  2:29  Drone x3  
  29  2:34  Spine Crawler  
  29  2:36  Drone  
  29  2:43  Drone  
  29  2:44  Drone  
  31  2:50  Zergling x2  
  31  2:59  Zergling x2  
  32  3:09  Zergling x2  
  32  3:10  Zergling x2  
  34  3:26  Zergling x2  
  35  3:33  Zergling x2  
  35  3:34  Zergling x4  
  36  3:39  Zergling x6  
  35  3:54  Queen x2  
  34  4:02  Zergling x6  
  36  4:05  Overlord x2  
  36  4:14  Spine Crawler  
  36  4:15  Drone  
  35  4:24  Evolution Chamber  
  35  4:25  Roach Warren  
  35  4:30  Drone x7  
  39  4:36  Drone  
  40  4:43  Drone  
  40  4:44  Drone  
  40  4:45  Extractor  
  41  4:48  Extractor  
  38  4:56  Drone  
  38  4:57  Drone  
  39  5:07  Drone x2  
  39  5:13  Extractor  
  40  5:23  Zergling x6  
  40  5:24  Zergling x10  
  48  5:30  Drone  
  48  5:33  Zerg Missile Weapons Level 1  
  49  5:47  Drone x3  
  52  5:55  Overlord x2  
  46  6:07  Roach x4  
  46  6:09  Overlord  
  52  6:21  Spine Crawler, Roach x6  
  63  6:28  Roach  
  65  6:33  Roach  
  65  6:37  Roach  
  69  6:48  Roach x2  
  75  6:54  Roach  
  75  6:55  Ravager  
  75  6:58  Overlord  
  76  7:07  Hatchery  
  76  7:08  Overlord x3  
  75  7:19  Roach x4  
  75  7:20  Hatchery  
  75  7:22  Overlord x2  
  82  7:33  Roach  
  82  7:34  Roach x2  
  82  7:36  Ravager  
  89  7:38  Ravager  
  89  7:39  Roach  
  74  8:15  Roach  
  74  8:16  Roach x6  
  81  8:21  Drone, Roach x2  
  81  8:22  Drone  
  87  8:28  Roach  
  87  8:31  Ravager  
  90  8:37  Roach x2  
  90  8:38  Roach  
  96  8:47  Roach x3  
  102  8:53  Queen  
  102  8:54  Overlord  
  81  9:27  Drone x3, Queen x2  
  88  9:37  Roach  
  88  9:38  Roach x5  
  99  9:54  Roach  
  99  9:55  Roach x4  
  109  10:01  Overlord  
  109  10:27  Ravager  
  109  10:28  Ravager  
  93  11:00  Roach x5  
  93  11:01  Roach x5, Zergling x6  
Show
View Real Time Build Order
Export as new Build Order

Javert Zerg - Winner!

Build Orders: Hatch First 

Get SALT Encoding   

  12  0:01  Drone  
  13  0:12  Overlord  
  13  0:19  Drone  
  14  0:32  Drone x2  
  16  0:51  Hatchery  
  16  0:52  Drone  
  16  0:57  Drone  
  16  1:00  Extractor  
  16  1:04  Drone  
  17  1:25  Drone x2, Spawning Pool  
  18  1:30  Drone  
  19  1:40  Drone  
  20  1:50  Drone  
  21  2:01  Overlord  
  21  2:11  Metabolic Boost  
  21  2:12  Queen x2  
  25  2:16  Zergling x4  
  25  2:22  Drone  
  28  2:23  Drone  
  28  2:28  Drone  
  30  2:47  Zergling x8  
  34  2:53  Baneling Nest  
  33  2:59  Zergling x4  
  35  3:13  Drone  
  36  3:22  Overlord  
  36  3:33  Zergling x2  
  35  3:38  Baneling x3  
  35  3:40  Queen x2  
  37  3:52  Drone x3  
  37  3:53  Drone x6  
  42  4:05  Drone x2  
  42  4:09  Roach Warren  
  43  4:14  Overlord  
  43  4:17  Lair  
  43  4:28  Drone  
  44  4:31  Extractor  
  44  4:33  Extractor  
  42  4:38  Baneling  
  42  4:39  Baneling  
  42  4:40  Drone x3  
  44  4:55  Drone x6  
  44  4:56  Drone  
  50  5:00  Overlord x3  
  50  5:04  Evolution Chamber  
  49  5:12  Overlord x2  
  49  5:20  Hydralisk Den, Extractor  
  49  5:21  Roach x6  
  49  5:28  Roach x2  
  63  5:37  Drone x4  
  63  5:40  Zerg Missile Weapons Level 1  
  67  5:44  Drone x3  
  67  5:49  Roach  
  72  6:06  Roach x8  
  72  6:07  Lurker Den  
  72  6:09  Overlord  
  72  6:10  Overlord  
  88  6:33  Drone x2  
  88  6:43  Hatchery  
  88  6:44  Extractor  
  88  6:45  Roach x3  
  88  6:46  Extractor  
  88  6:47  Overlord  
  87  6:53  Ravager x2  
  87  6:54  Ravager  
  90  6:56  Ravager  
  91  7:07  Drone x3  
  91  7:08  Drone, Overseer  
  95  7:17  Glial Reconstitution  
  95  7:23  Roach x5  
  95  7:27  Drone x3  
  108  7:35  Drone  
  108  7:36  Zerg Missile Weapons Level 2  
  106  7:39  Overlord  
  106  7:45  Overlord  
  106  7:46  Drone x2  
  91  8:16  Roach x11  
  111  8:24  Burrow  
  111  8:35  Overlord  
  111  8:37  Hydralisk x3  
  117  8:41  Ravager x3  
  120  8:50  Overlord x2  
  105  9:20  Roach  
  105  9:21  Roach x12  
  119  9:30  Lurker x2  
  121  9:37  Lurker  
  122  9:39  Roach x5  
  132  9:48  Ravager x2  
  134  9:54  Drone  
  134  9:55  Drone x6  
  141  10:10  Ravager  
  141  10:11  Ravager x4  
  146  10:14  Drone  
  146  10:15  Drone x4  
  151  10:25  Drone x2  
  151  10:26  Drone  
  154  10:37  Overlord x3  
  154  10:38  Evolution Chamber  
  153  10:45  Overlord x4  
  141  11:00  Roach  
  141  11:01  Roach x8  
  129  11:17  Roach x4  
  149  11:42  Hatchery, Extractor  
  149  11:45  Extractor  
Tags
 
Add a new tag
Caveats
  • Supply blocks, unpowered buildings, or Contaminate may cause inaccurate times.
  • Supply counts are checked every 10 seconds.